 Dungeon Crawl Stone Soup version 0.21.1-1-g345015f (webtiles) character file.

22 tidbits the Insei (level 2, -1/23 HPs)
             Began as a Gnoll Transmuter on Mar 10, 2018.
             Slain by an adder (4 damage)
             ... on level 2 of the Dungeon.
             The game lasted 00:02:56 (446 turns).

tidbits the Insei (Gnoll Transmuter)                 Turns: 446, Time: 00:02:57

Health: -1/23      AC:  2    Str: 12    XL:     2   Next: 91%
Magic:  1/7        EV: 14    Int: 15    God:
Gold:   77         SH:  0    Dex: 15    Spells: 7/10 levels left

rFire    . . .     SeeInvis .     - Unarmed
rCold    . . .     Gourm    .   (no shield)
rNeg     . . .     Faith    .   b - +0 robe
rPois    .         Spirit   .   (no helmet)
rElec    .         Reflect  .   (no cloak)
rCorr    .         Harm     .   (no gloves)
MR       .....                  (no boots)
Stlth    ++........             (no amulet)
HPRegen  0.07/turn              (no ring)
MPRegen  0.10/turn              (no ring)

@: very slightly contaminated
A: distributed training, fangs 1, strong nose
a: no special abilities


You were on level 2 of the Dungeon.
You were not hungry.

You visited 1 branch of the dungeon, and saw 3 of its levels.

You collected 77 gold pieces.

Inventory:

Hand Weapons
 a - a +0 dagger
 o - a +2 dagger of venom
   (You took it off a kobold on level 3 of the Dungeon)
Missiles
 e - 14 bolts
 g - 38 stones
 h - 5 silver javelins
 k - 28 arrows
 n - 6 tomahawks (quivered)
Armour
 b - a +0 robe (worn)
 q - a +0 ring mail
Jewellery
 p - an uncursed ring of flight {unknown}
   (You found it on level 2 of the Dungeon)
Scrolls
 j - a scroll of noise {unknown}
 l - 2 scrolls of teleportation {unknown}
Potions
 f - a potion of agility {unknown}
 i - 2 potions of invisibility {unknown}
 m - 2 potions of degeneration {unknown}
Books
 c - a book of Changes

   Spells                             Type                      Level
   a - Beastly Appendage              Transmutation                1
   b - Sticks to Snakes               Transmutation                2
   c - Spider Form                    Transmutation/Poison         3
   d - Ice Form                       Ice/Transmutation            4
   e - Blade Hands                    Transmutation                5
Comestibles
 d - 2 rations


   Skills:
 + Level 2.5 Fighting
 + Level 0.5 Short Blades
 + Level 0.5 Long Blades
 + Level 0.5 Axes
 + Level 0.5 Maces & Flails
 + Level 0.5 Polearms
 + Level 0.5 Staves
 + Level 0.5 Slings
 + Level 0.5 Bows
 + Level 0.5 Crossbows
 + Level 0.5 Throwing
 + Level 0.5 Armour
 + Level 4.5 Dodging
 + Level 0.5 Stealth
 + Level 0.5 Shields
 + Level 6.5 Unarmed Combat
 + Level 4.9 Spellcasting
 + Level 0.4 Conjurations
 + Level 0.4 Hexes
 + Level 0.4 Charms
 + Level 0.4 Summonings
 + Level 0.4 Necromancy
 + Level 0.4 Translocations
 + Level 3.7 Transmutations
 + Level 0.4 Fire Magic
 + Level 0.4 Ice Magic
 + Level 0.4 Air Magic
 + Level 0.4 Earth Magic
 + Level 0.4 Poison Magic
 + Level 0.7 Invocations
 + Level 0.5 Evocations


You had 7 spell levels left.
You knew the following spells:

 Your Spells              Type           Power        Failure   Level  Hunger
e - Beastly Appendage     Tmut           ##....       3%          1    None
k - Sticks to Snakes      Tmut           ##......     5%          2    ##.....


Dungeon Overview and Level Annotations

Branches:
Dungeon (3/15)

Altars:


Innate Abilities, Weirdness & Mutations

Your experience applies equally to all skills.
You have very sharp teeth.
Your uncanny sense of smell can sniff out nearby items.


Message History

Throwing (i - inventory. (,) - cycle):
n - 4 tomahawks (quivered)
Press: ? - help, Shift-Dir - straight line, f/p - worm
Aim: a worm You throw a tomahawk.
The tomahawk hits the worm.
The worm is lightly wounded.
You hit the worm. You claw the worm.
The worm is severely wounded.
You barely miss the worm. You claw the worm.
You bite the worm, but do no damage.
The worm is severely wounded.
The worm bites you.
You barely miss the worm.
The worm is severely wounded.
You punch the worm!
You kill the worm!
Your transformation is almost over.
Found an escape hatch in the ceiling.
You see here a worm corpse.
You see here a tomahawk.
n - 4 tomahawks (gained 1)
You see here a tomahawk.
n - 5 tomahawks (gained 1)
You see here a tomahawk.
n - 6 tomahawks (gained 1)
A rat comes into view.
Your talons disappear.
Found a stone staircase leading up.
A rat comes into view.
You see here a silver ring.
p - a silver ring
There is a stone staircase leading up here.
You climb upwards.
Found a scroll labeled FAL UDUNUPS, a ring mail and 19 sling bullets.
There is a stone staircase leading down here.
Unknown command.
You see here a scroll labeled FAL UDUNUPS.
l - 2 scrolls labeled FAL UDUNUPS (gained 1)
You open the door. You open the door. You open the door.
You see here a ring mail.
q - a ring mail You open the door.
Found 9 gold pieces.
There is a stone staircase leading down here.
You climb downwards.
The rat bites you but does no damage. The rat barely misses you.
The rat misses you. The rat bites you.
There is a stone staircase leading up here.
Unknown command.
Casting: Beastly Appendage
Confirm with . or Enter, or press ? or * to list all spells.
Your feet morph into talons.
The rat barely misses you. The rat bites you but does no damage.
You hit the rat.
You kill the rat!
The rat bites you.
You punch the rat!
You kill the rat!
You see here a rat corpse.
Your transformation is almost over.
A worm and a dart slug come into view.
Found 22 stones, a robe and a scroll labeled TUGOPH PA NACW.
An adder comes into view.
The adder hisses angrily.
Casting: Beastly Appendage
Confirm with . or Enter, or press ? or * to list all spells.
You miscast Sticks to Snakes.
You are very lightly contaminated with residual magic.
Your skin glows momentarily.
Casting: Sticks to Snakes
Confirm with . or Enter, or press ? or * to list all spells.
You miscast Sticks to Snakes.
You smell something strange.
Casting: Sticks to Snakes
Confirm with . or Enter, or press ? or * to list all spells.
You create a snake!
You now have 28 arrows.
Your talons disappear.
The adder barely misses you. The adder closely misses you.
You hit the adder but do no damage. The adder closely misses you.
Your ball python completely misses the adder.
Your ball python closely misses the adder.
You closely miss the adder. The adder bites you.
* * * LOW HITPOINT WARNING * * *
Your ball python barely misses the adder. x2
You completely miss the adder. The adder misses you.
Your ball python misses the adder.
Your ball python closely misses the adder.
You hit the adder.
The adder is moderately wounded.
The adder misses you. The worm bites you!
* * * LOW HITPOINT WARNING * * *
Your ball python barely misses the adder.
Your ball python misses the adder.
You barely miss the adder.
The adder is moderately wounded.
The adder barely misses you.
Your ball python closely misses the adder.
Your ball python barely misses the adder.
The adder bites you.
You die...

##.......†.........>†).....
..................†..(.....
#######....................
#....................
##.#.................
.....................
#######...............
###...............
..(.....@S......
..[.#....wS......
.........<.......
.................
...w#............
.?..............
..............#.
............##


You could see a worm, an adder, a dart slug and a friendly ball python.

Vanquished Creatures
  A worm (D:2)
  2 giant cockroaches
  3 hobgoblins
  3 kobolds
  A quokka (D:2)
  A bat (D:1)
  A frilled lizard (D:2)
  4 rats
16 creatures vanquished.

Vanquished Creatures (collateral kills)
  A giant cockroach (D:2)
  A rat (D:2)
2 creatures vanquished.

Grand Total: 18 creatures vanquished

Notes
Turn   | Place    | Note
-------+----------+-------------------------------------------
     0 | D:1      | tidbits the Gnoll Transmuter began the quest for the Orb.
     0 | D:1      | Reached XP level 1. HP: 17/17 MP: 6/6
   280 | D:3      | Reached XP level 2. HP: 23/23 MP: 5/7
   284 | D:3      | Learned a level 2 spell: Sticks to Snakes
   446 | D:2      | Slain by an adder

Action                   || total
-------------------------++-------
Melee: Unarmed           ||    36
       Bite              ||     7
       Punch             ||     1
       Kick              ||     7
Throw: Javelin           ||     4
       Tomahawk          ||     3
 Cast: Beastly Appendage ||     8
       Sticks to Snakes  ||     3
Armor: Robe              ||     3
Dodge: Dodged            ||    32

Table legend:
 A = Turns spent in this place as a percentage of turns spent in the entire game.
 B = Non-inter-level travel turns spent in this place as a percentage of non-inter-level travel turns spent in the entire game.
 C = Inter-level travel turns spent in this place as a percentage of turns spent in this place.
 D = Turns resting spent in this place as a percentage of non-inter-level travel turns spent in this place.
 E = Turns spent auto-exploring this place as a percentage of non-inter-level travel turns spent in this place.
 F = Non-inter-level travel turns spent in this place divided by the number of levels of this place that you've seen.
                   A       B       C       D       E      F
               +-------+-------+-------+-------+-------+----------------------
         Total | 100.0 | 100.0 |   0.0 |   0.0 |   0.0 | 148.7
       Dungeon | 100.0 | 100.0 |   0.0 |   0.0 |   0.0 | 148.7
               +-------+-------+-------+-------+-------+----------------------

Table legend:
 A = Kills in this place as a percentage of kills in entire the game.
 B = Kills by you in this place as a percentage of kills by you in the entire game.
 C = Kills by friends in this place as a percentage of kills by friends in the entire game.
 D = Other kills in this place as a percentage of other kills in the entire game.
 E = Experience gained in this place as a percentage of experience gained in the entire game.
 F = Experience gained in this place divided by the number of levels of this place that you have seen.
                   A       B       C       D       E      F
               +-------+-------+-------+-------+-------+----------------------
         Total | 100.0 | 100.0 | 100.0 |   N/A | 100.0 |  10.7
       Dungeon | 100.0 | 100.0 | 100.0 |   N/A | 100.0 |  10.7
               +-------+-------+-------+-------+-------+----------------------

Vault maps used:
D:1:      nagdon_arrival_double_spiral
D:3:      uniq_natasha
